 Dungeon Crawl Stone Soup version 0.27.1 (webtiles) character file.

Game seed: 3852201923882916768

149 nxtlvl the Ruffian (level 5, -6/50 HPs)
             Began as a Troll Abyssal Knight on Sept 4, 2021.
             Was a Follower of Lugonu.
             Killed from afar by Dowan (26 damage)
             ... with a shard of ice
             ... on level 5 of the Dungeon.
             The game lasted 00:02:33 (378 turns).

nxtlvl the Ruffian (Troll Abyssal Knight)            Turns: 378, Time: 00:02:34

Health: -6/50      AC:  4    Str: 20    XL:     5   Next: 9%
Magic:  5/5        EV:  9    Int:  9    God:    Lugonu [*.....]
Gold:   41         SH:  0    Dex:  9    Spells: 4/4 levels left

rFire    . . .     SeeInvis .     - Unarmed
rCold    . . .     Faith    .   (no shield)
rNeg     . . .     Spirit   .   a - +0 robe
rPois    .         Reflect  .   (helmet restricted)
rElec    .         Harm     .   (no cloak)
rCorr    .         Rampage  .   (gloves unavailable)
Will     .....                  (boots unavailable)
Stlth    +.........             (no amulet)
HPRegen  1.16/turn              (no ring)
MPRegen  0.09/turn              (no ring)

@: no status effects
A: large, unfitting armour, claws 3, regeneration 1, shaggy fur 1, tough skin 1
a: Renounce Religion, Depart the Abyss


You were on level 5 of the Dungeon.
You worshipped Lugonu.
Lugonu was aware of your devotion.
You visited 1 branch of the dungeon, and saw 5 of its levels.
You visited the Abyss 1 time.

You collected 41 gold pieces.

Inventory:

Missiles
 b - 42 sling bullets
Armour
 a - a +0 robe (worn)
Scrolls
 c - a scroll of immolation {unknown}
 f - a scroll of noise {unknown}
Potions
 d - a potion of ambrosia {unknown}
 e - a potion of curing {unknown}


   Skills:
 - Level 2.4 Fighting
 - Level 1.9 Dodging
 * Level 5.3 Unarmed Combat
 - Level 1.5 Invocations


You had 4 spell levels left.
You didn't know any spells.
Your spell library contained the following spells:

 Spells                   Type           Power      Damage    Failure   Level
 Ignite Poison            Fire/Tmut/Pois 0%         N/A       77%         3
 Mephitic Cloud           Conj/Pois/Air  0%         N/A       77%         3
 Bolt of Magma            Conj/Fire/Erth 0%         4d4       100%        5


Dungeon Overview and Level Annotations

Branches:
Dungeon (5/15)
 Temple: D:4-7

Altars:
Xom

Annotations:
D:5 Dowan


Innate Abilities, Weirdness & Mutations

You are too large for most types of armour.
You have claws for hands.
Your natural rate of healing is unusually fast.
You are covered in fur. (AC +1)
You have tough skin. (AC +1)


Message History

You claw Dowan! x2
Dowan is severely wounded.
Dowan hits you with a +0 dagger.
You miss Dowan.
Dowan is severely wounded.
Dowan hits you with a +0 dagger. Dowan closely misses you.
You closely miss Dowan.
Dowan is severely wounded.
Dowan hits you with a +0 dagger.
You miss Dowan.
Dowan is severely wounded.
Dowan hits you with a +0 dagger.
* * * LOW HITPOINT WARNING * * *
You barely miss Dowan.
Dowan is severely wounded.
Dowan gestures at you while chanting. The shard of ice hits you!
* * * LOW HITPOINT WARNING * * *
Dowan closely misses you.
You closely miss Dowan.
Dowan is severely wounded.
Dowan closely misses you.
You scratch Dowan.
Dowan is severely wounded.
Dowan barely misses you.
Dowan casts a spell.
Dowan blinks!
Dowan casts a spell.
Dowan blinks!
Things that are here:
a +0 short sword; a +0 chain mail Dowan casts a spell.
Dowan blinks!
Dowan hits you with a +0 dagger.
You scratch Dowan but do no damage.
Dowan is severely wounded.
Dowan casts a spell at you. The shard of ice hits you!!
Ouch! That really hurt!
You die...

#..#####...<
#...........
#..######### #..#
#..# #..# #..# #
########..####....
#.@.......>....#
#e######..######
#)# #..# #.# #..#
#.# #..# #.# #...
$.# ###.# .## .# .
.#


You could see Dowan (fast).

Vanquished Creatures
  Duvessa (D:5)
  A bullfrog skeleton (D:5)
  An adder (D:4)
  A ball python (D:1)
  An endoplasm (D:1)
  A giant cockroach (D:1)
  3 hobgoblins
  2 jackals (D:4)
  2 kobolds
  A frilled lizard (D:1)
  A rat (D:1)
15 creatures vanquished.

Notes
Turn   | Place    | Note
-------+----------+-------------------------------------------
     0 | Abyss:1  | nxtlvl the Troll Abyssal Knight began the quest for the
                  | Orb.
     0 | Abyss:1  | Reached XP level 1. HP: 22/22 MP: 1/1
     4 | D:1      | Escaped the Abyss
   144 | D:1      | Reached XP level 2. HP: 25/29 MP: 2/2
   226 | D:3      | Found a shimmering altar of Xom.
   247 | D:4      | Reached skill level 3 in Unarmed Combat
   295 | D:5      | Entered Level 5 of the Dungeon
   304 | D:5      | Reached skill level 4 in Unarmed Combat
   304 | D:5      | Reached XP level 3. HP: 36/36 MP: 3/3
   342 | D:5      | Noticed Duvessa
   342 | D:5      | Noticed Dowan
   359 | D:5      | Killed Duvessa
   360 | D:5      | Reached skill level 5 in Unarmed Combat
   360 | D:5      | Reached XP level 4. HP: 24/44 MP: 4/4
   360 | D:5      | Reached XP level 5. HP: 28/50 MP: 5/5
   378 | D:5      | Killed from afar by Dowan

Illustrated notes

Levels and vault maps discovered:
D:1:      sevenhm_arrival_forest_fort_small_3, layout_loops_corners,
          shapermc_ecumenical_altar_pompeii, kennysheep_decorative_pillar
D:2:      layout_basic, chequers_jeans, uniq_terence, uniq_jessica
D:3:      cheibrodos_greedy_goblins, layout_loops_ring,
          mainiacjoe_overflow_concentric_impassable,
          lemuel_coloured_pillars_altar, xom_teletrap_fun,
          minmay_misc_feat_five, minmay_misc_feat_secret_circle
D:4:      layout_basic, mainiacjoe_overflow_alcove_2, minitemple,
          gammafunk_ghost_grave
D:5:      layout_loops_ring, serial_shops, shop, uniq_eustachio, uniq_duvessa

Skill      XL: |  1  2  3 |
---------------+----------+-----
Unarmed Combat | 4 5 |  5.3
Fighting       | |  2.4
Dodging        | |  1.9
Invocations    | |  1.5

Action                   |  1- 3 |  4- 6 || total
-------------------------+-------+-------++-------
Melee: Unarmed           |    54 |    10 ||    64
       Punch             |       |     1 ||     1
Armor: Robe              |    16 |       ||    16
Dodge: Dodged            |    28 |     5 ||    33
